AoeStats
← kV0t3

African Clearing

505550614Analyzed
4v4 RM · 22d ago on Sep 9, 2026· 36m 30s· 8 players
Game mode
Random Map
Map size
Large (8 player)
Population
200
Speed
Normal
Resources
Standard
Victory
Conquest
Starting age
Dark Age
Ending age
Imperial Age
RankedLock teamsTeams togetherTeam positionsShared explorationLock speedFull tech treeHidden civsTurbo modeCheats
Victory
Defeat
🇦🇷 Teutons · Argentina
1484
+12
🇹🇷 Magyars · Türkiye
1471
+12
🇧🇷 Japanese · Brazil
1455
+13
🇭🇰 Spanish · Hong Kong SAR China
1447
+13
🇦🇷 Vietnamese · Argentina
1411
-13
🇦🇷 Huns · Argentina
1404
-14
🇦🇷 Wu · Argentina
1377
-12
🇦🇷 Cumans · Argentina
1359
-11
PoopMaster
6:15 Loom
34:13 Feudal Age
34:40 Double-Bit Axe
36:16 Wheelbarrow
imenek
6:38 Loom
14:21 Feudal Age
17:41 Double-Bit Axe
17:56 Horse Collar
26:56 Castle Age
33:41 Scale Barding Armor
Didi
4:50 Loom
13:53 Feudal Age
18:06 Castle Age
16:24 Double-Bit Axe
16:54 Gold Mining
24:08 Forging
23:39 Horse Collar
25:36 Scale Barding Armor
26:13 Bloodlines
27:05 Wheelbarrow
28:15 Chain Barding Armor
28:16 Stone Mining
31:04 Hand Cart
36:43 Imperial Age
36:32 Iron Casting
36:55 Masonry
36:51 Fletching
中家不出马螺线升天
10:46 Loom
13:33 Feudal Age
17:10 Castle Age
15:01 Double-Bit Axe
22:34 Bow Saw
35:52 Gold Mining
kV0t3
6:08 Loom
12:47 Feudal Age
26:05 Double-Bit Axe
AlleN ★
6:24 Loom
13:29 Feudal Age
18:12 Castle Age
16:19 Double-Bit Axe
20:49 Fletching
24:05 Padded Archer Armor
27:05 Pikeman
28:21 Bow Saw
34:27 Scale Mail Armor
34:30 Bodkin Arrow
35:44 Wheelbarrow
35:32 Chain Mail Armor
36:14 Leather Archer Armor
maikoLin
7:18 Loom
13:29 Feudal Age
17:31 Castle Age
15:23 Double-Bit Axe
16:40 Fletching
18:50 Bodkin Arrow
35:40 Ballistics
ZIZOU
11:14 Loom
12:59 Feudal Age
16:48 Double-Bit Axe
22:04 Horse Collar
33:04 Castle Age
32:17 Fletching
34:20 Scale Mail Armor
35:19 Bow Saw
35:32 Chain Mail Armor
Connection lost

Rejoining the realm…

Still unreachable

The connection could not be restored.

Session expired

The server has moved on; the page needs a fresh start.